 Dungeon Crawl Stone Soup version 0.29.0-4-gdea44cf6ec (webtiles) character file.

Game seed: 11653251181047727050

70304 qw the Brawler (level 14, -5/140 HPs)
             Began as a Troll Cinder Acolyte on Sept 3, 2022.
             Was a High Priest of Okawaru.
             Slain by a vault guard
             ... wielding a +1 war axe of electrocution
              (16 damage)
             ... on level 13 of the Dungeon.
             The game lasted 00:10:09 (15946 turns).

qw the Brawler (Troll Cinder Acolyte)              Turns: 15946, Time: 00:10:10

Health: -5/140     AC: 17    Str: 30    XL:     14   Next: 93%
Magic:  18/20      EV:  9    Int: 10    God:    Okawaru [*****.]
Gold:   1589       SH:  9    Dex:  5    Spells: 15/15 levels left

rFire   . . .      SeeInvis .     - Unarmed
rCold   . . .      Faith    .   t - +0 kite shield
rNeg    . . .      Spirit   .   h - +2 troll leather armour {Snorg}
rPois   +          Reflect  .   b - +2 hat of Ashenzari's Anger {Rampage rPois rCorr Str-5}
rElec   .          Harm     .   a - +1 cloak
rCorr   +          Rampage  +   (gloves unavailable)
Will    ++...                   (boots unavailable)
Stlth   ++........              m - amulet of regeneration
HPRegen 2.73/turn               p - +6 ring of strength
MPRegen 0.17/turn               o - +4 ring of protection

@: about to teleport, heroic
A: large, unfitting armour, claws 3, regeneration 1, shaggy fur 1, tough skin 1,
talons 1, strong-willed 1
a: Renounce Religion, Heroism, Finesse, Duel


You were on level 13 of the Dungeon.
You worshipped Okawaru.
Okawaru was extremely pleased with you.
You visited 2 branches of the dungeon, and saw 18 of its levels.

You collected 1615 gold pieces.
You spent 26 gold pieces at shops.


Innate Abilities, Weirdness & Mutations

You are too large for most types of armour.
You have claws for hands.
Your natural rate of healing is unusually fast.
You are covered in fur. (AC +1)
You have tough skin. (AC +1)
You have sharp toenails.
You are strong-willed. (Will+)


   Skills:
 - Level 9.0(14.0) Fighting
 - Level 6.4(11.4) Throwing
 - Level 2.1(7.1) Armour
 - Level 2.1(7.1) Dodging
 + Level 5.8(10.8) Shields
 - Level 19.8(24.8) Unarmed Combat
 - Level 1.0 Spellcasting
 - Level 2.1 Fire Magic
 - Level 10.0 Invocations


You had 15 spell levels left.
You didn't know any spells.
Your spell library contained the following spells:

 Spells                   Type           Power      Damage    Failure   Level
 Scorch                   Fire           8%         2d5       38%         2

Inventory:

Missiles
 c - 5 large rocks (quivered)
 i - 6 boomerangs
 l - a silver javelin
Armour
 a - a +1 cloak (worn)
 b - the +2 hat of Ashenzari's Anger (worn) {Rampage rPois rCorr Str-5}
   (You acquired it on level 2 of the Dungeon)

   Str:       It affects your strength (-5).
   rPois:     It protects you from poison.
   rCorr:     It protects you from acid and corrosion.
   Rampage:   It bestows one free step when moving towards enemies.
 h - a +2 troll leather armour (worn) {Snorg}
 t - a +0 kite shield (worn)
Jewellery
 m - an amulet of regeneration (around neck)
 o - a +4 ring of protection (right claw)
 p - a +6 ring of strength (left claw)
 r - a ring of fire
Scrolls
 e - 6 scrolls of teleportation
 j - 4 scrolls of identify
 k - 2 scrolls of brand weapon
 v - a scroll of enchant weapon
Potions
 d - 3 potions of haste
 f - a potion of cancellation
 g - 10 potions of curing
 n - 4 potions of mutation
 s - 4 potions of might
 u - 2 potions of heal wounds

Dungeon Overview and Level Annotations

Branches:
Dungeon (13/15)            Temple (0/1) D:6            Lair (5/5) D:9
 Shoals (0/4) Lair:3       Spider (0/4) Lair:2        Slime (0/5) Lair:5
    Orc (0/2) D:10
 Vaults: D:13-14

Altars:
Ashenzari
Cheibriados
Dithmenos
Fedhas
Gozag
Hepliaklqana
Makhleb
Nemelex Xobeh
Okawaru
Trog
Wu Jian
Xom
The Shining One
Jiyva

Shops:
D:1 *

Annotations:
D:5 1 runed translucent door, Crazy Yiuf


Message History

The vault guard blocks your attack.
You claw the vault guard, but do no damage.
The vault guard is moderately wounded.
You mangle the vault guard!! Your kick misses the vault guard.
The vault guard is severely wounded.
You block the vault guard's attack.
The vault guard hits you but does no damage.
You mangle the vault guard!! The vault guard blocks your attack.
The vault guard is almost dead.
The troll bites you.
The troll claws you but does no damage. x2
The vault guard hits you with a +1 war axe of electrocution!
The vault guard hits you with a +0 dire flail!
15942 ||| INVOKING Heroism.
You gain the combat prowess of a mighty hero.
The troll barely misses you. You block the troll's attack. x2
The vault guard hits you with a +1 war axe of electrocution.
The vault guard hits you with a +0 dire flail!!
The vault guard blocks your attack. x2
The vault guard is almost dead.
The vault guard blocks your attack.
Your kick misses the vault guard.
The vault guard is almost dead.
You block the troll's attack.
The troll claws you but does no damage. x2
The vault guard hits you with a +0 dire flail!
The vault guard hits you with a +1 war axe of electrocution!
You are electrocuted!
The vault guard blocks your attack.
The vault guard is almost dead.
You block the troll's attack. The troll claws you but does no damage.
You block the troll's attack.
A two-headed ogre comes into view.
It is wielding a +0 giant spiked club and a +0 giant club.
The vault guard hits you with a +1 war axe of electrocution.
You are electrocuted!
The vault guard hits you with a +0 dire flail!
15946 ||| READING 7 scrolls of teleportation.
As you read the scroll of teleportation, it crumbles to dust.
You feel strangely unstable.
You block the troll's attack. x2; The troll claws you but does no damage.
The vault guard hits you with a +1 war axe of electrocution!
You are electrocuted!
You die...

.... #..............<
..... #####...............
#.O..##...<...............
#......#####.###.......#.
##......## #.# #....####.
#.(.(.%..## #.# ####.# #..
#...###.# #... .#
##ppT.#.# ...## ##@....#
.. ###.......... ...
##.#######. #.# #.# .. .
#.# . .. ..# ... .## ...
.. .


You could see 2 vault guards, a two-headed ogre (wandering) and a troll.

Vanquished Creatures
  Nessos (D:13)
  Snorg (Lair:4)
  Josephine (D:13)
  Harold (D:9)
  3 two-headed ogres
  2 boulder beetles
  4 hydras
  A catoblepas (Lair:4)
  An anaconda (Lair:5)
  8 death yaks
  2 tengu warriors (D:10)
  Nergalle (D:11)
  Amaemon (Lair:1)
  Lodul (D:11)
  A lindwurm (Lair:5)
  Pikel (D:5)
  An ugly thing (D:12)
  A cyclops (D:13)
  4 black mambas
  22 elephants
  An orange demon (Lair:1)
  A torpor snail (Lair:1)
  16 cane toads
  2 gargoyles (D:12)
  Maggie (D:9)
  An unseen horror (D:11)
  2 rime drakes
  12 komodo dragons
  A meliai (Lair:2)
  5 trolls
  7 polar bears
  Grinder (D:5)
  5 hornets (Lair:5)
  27 blink frogs
  11 slime creatures
  11 dream sheep
  A vampire (D:12)
  3 wraiths (D:13)
  12 spriggans (Lair:5)
  A shadow (D:11)
  4 wyverns
  3 basilisks
  18 fire elementals
  32 yaks
  9 vampire mosquitoes
  Menkaure (D:5)
  A warg (D:10)
  An acid dragon (D:6)
  15 water moccasins
  2 sky beasts
  3 ice beasts
  10 orc warriors
  6 black bears
  29 wolves
  4 boggarts (Lair:5)
  10 ogres
  16 centaurs
  4 lemures
  2 kobold brigands
  A phantom (D:6)
  Blork the orc (D:5)
  5 bullfrogs
  2 necrophages
  6 scorpions
  4 wights (D:9)
  14 killer bees
  3 howler monkeys
  A crimson imp (D:5)
  3 hounds
  2 jellies (D:7)
  14 orc priests
  9 orc wizards
  Natasha (twice) (D:3)
  11 adders
  A shadow imp (D:8)
  2 white imps
  2 ufetubi (D:6)
  7 worms
  5 dart slugs
  42 orcs
  7 endoplasms
  3 giant cockroaches (D:1)
  10 goblins
  8 hobgoblins
  9 jackals
  13 kobolds
  2 quokkas
  8 ball pythons
  2 bats (D:1)
  A goblin skeleton (D:5)
  3 hobgoblin zombies (D:5)
  2 orc zombies (D:5)
  4 rats
558 creatures vanquished.

Vanquished Creatures (others)
  19 fungi
  34 plants
53 creatures vanquished.

Grand Total: 611 creatures vanquished

Notes
Turn   | Place    | Note
-------+----------+-------------------------------------------
     0 | D:1      | qw the Troll Cinder Acolyte began the quest for the Orb.
     0 | D:1      | Reached XP level 1. HP: 22/22 MP: 1/1
     0 | D:1      | 0 ||| qw: Version: 0.1-a-100-g36b9a1f
     0 | D:1      | 0 ||| qw: Game counter: 5048
     0 | D:1      | 0 ||| qw: Always use a shield: true
     0 | D:1      | 0 ||| qw: God list: Okawaru
     0 | D:1      | 0 ||| qw: Allow faded altars: false
     0 | D:1      | 0 ||| qw: Do Orc after D:15 true
     0 | D:1      | 0 ||| qw: Do second Lair branch before Depths: true
     0 | D:1      | 0 ||| qw: Lair rune preference: random
     0 | D:1      | 0 ||| qw: Plans: Normal
     0 | D:1      | 0 ||| PLANNING D:1-11
    88 | D:1      | Found Ritoeguo's Assorted Antiques.
   125 | D:1      | Reached XP level 2. HP: 29/29 MP: 2/2
   131 | D:1      | 131 ||| SHOPLISTING 3 scrolls labelled YLUN QITUENY (78
                  | gold, have 71).
   131 | D:1      | 131 ||| SHOPLISTING glowing cloak (195 gold, have 71).
   131 | D:1      | 131 ||| BUYING scroll labelled DOVAULU PACE (26 gold).
   131 | D:1      | Bought a scroll labelled DOVAULU PACE for 26 gold pieces
   382 | D:1      | Found a faded altar of an unknown god.
   439 | D:1      | 439 ||| UPGRADING to ring of protection from cold.
   440 | D:1      | 440 ||| READING scroll labelled JILIS ZIROPHAI.
   441 | D:1      | 441 ||| READING scroll labelled GUNAMAINWIPH.
   442 | D:1      | 442 ||| READING scroll labelled BUNIAT YNEKK.
   443 | D:1      | 443 ||| READING scroll labelled DOVAULU PACE.
   444 | D:1      | 444 ||| READING scroll labelled LUYXEM KYRPHO.
   445 | D:1      | 445 ||| READING scroll labelled OTHOFOMIAL.
   446 | D:1      | 446 ||| READING scroll labelled NILAFY OCWU.
   486 | D:2      | Reached skill level 4 in Unarmed Combat
   506 | D:2      | 506 ||| Stepping ~*~*~tactically~*~*~ (stealth).
   510 | D:2      | 510 ||| Stepping ~*~*~tactically~*~*~ (outnumbered).
   516 | D:2      | 516 ||| Stepping ~*~*~tactically~*~*~ (outnumbered).
   532 | D:2      | Reached XP level 3. HP: 30/36 MP: 3/3
   581 | D:2      | 581 ||| Stepping ~*~*~tactically~*~*~ (hiding).
   724 | D:2      | 724 ||| Stepping ~*~*~tactically~*~*~ (stealth).
   728 | D:2      | 728 ||| Stepping ~*~*~tactically~*~*~ (stealth).
   736 | D:2      | 736 ||| Stepping ~*~*~tactically~*~*~ (hiding).
   765 | D:2      | 765 ||| Stepping ~*~*~tactically~*~*~ (outnumbered).
   766 | D:2      | 766 ||| Stepping ~*~*~tactically~*~*~ (outnumbered).
   767 | D:2      | 767 ||| Stepping ~*~*~tactically~*~*~ (outnumbered).
   768 | D:2      | 768 ||| Stepping ~*~*~tactically~*~*~ (outnumbered).
   769 | D:2      | 769 ||| Stepping ~*~*~tactically~*~*~ (outnumbered).
   818 | D:2      | 818 ||| Stepping ~*~*~tactically~*~*~ (hiding).
  1205 | D:2      | Reached XP level 4. HP: 44/44 MP: 4/4
  1249 | D:2      | 1249 ||| Stepping ~*~*~tactically~*~*~ (stealth).
  1264 | D:2      | Reached skill level 5 in Unarmed Combat
  1404 | D:2      | 1404 ||| DROPPING ring of wizardry.
  1405 | D:2      | 1405 ||| DROPPING +6 ring of intelligence.
  1406 | D:2      | 1406 ||| READING 2 scrolls labelled YLUN QITUENY.
  1410 | D:2      | 1410 ||| READING scroll labelled POGRESTEWN.
  1410 | D:2      | Identified a scroll of acquirement
  1410 | D:2      | 1410 ||| ACQUIRING +2 hat of Ashenzari's Anger {Rampage
                  | rPois rCorr Str-5}
  1410 | D:2      | Acquired the +2 hat of Ashenzari's Anger {Rampage rPois
                  | rCorr Str-5}
  1412 | D:2      | 1412 ||| UPGRADING to +2 hat of Ashenzari's Anger {Rampage
                  | rPois rCorr Str-5}.
  1417 | D:2      | 1417 ||| DRINKING 2 bubbling ruby potions.
  1417 | D:2      | Gained mutation: Your body sometimes deteriorates upon
                  | taking damage. [potion of mutation]
  1417 | D:2      | Gained mutation: You occasionally lose the ability to drink
                  | potions when taking damage. [potion of mutation]
  1417 | D:2      | Gained mutation: You sometimes lose the ability to drink
                  | potions when taking damage. [potion of mutation]
  1417 | D:2      | Gained mutation: You are covered in thick fur. (AC +2)
                  | [potion of mutation]
  1418 | D:2      | 1418 ||| DRINKING potion of mutation.
  1418 | D:2      | Lost mutation: You sometimes lose the ability to drink
                  | potions when taking damage. [potion of mutation]
  1418 | D:2      | Lost mutation: Your body sometimes deteriorates upon taking
                  | damage. [potion of mutation]
  1418 | D:2      | Lost mutation: You are covered in thick fur. (AC +2)
                  | [potion of mutation]
  1418 | D:2      | Gained mutation: You are strong-willed. (Will+) [potion of
                  | mutation]
  1418 | D:2      | Gained mutation: You are highly strong-willed. (Will++)
                  | [potion of mutation]
  1419 | D:2      | 1419 ||| DRINKING 3 sedimented pink potions.
  1425 | D:3      | Noticed Natasha
  1435 | D:3      | Killed Natasha
  1486 | D:3      | Noticed Natasha
  1487 | D:3      | 1487 ||| Stepping ~*~*~tactically~*~*~ (stealth).
  1519 | D:3      | 1519 ||| Stepping ~*~*~tactically~*~*~ (hiding).
  1525 | D:3      | 1525 ||| Stepping ~*~*~tactically~*~*~ (hiding).
  1534 | D:3      | Reached XP level 5. HP: 50/50 MP: 5/5
  1574 | D:3      | Reached skill level 6 in Unarmed Combat
  1614 | D:3      | 1614 ||| DRINKING potion of mutation.
  1614 | D:3      | Lost mutation: You occasionally lose the ability to drink
                  | potions when taking damage. [potion of mutation]
  1614 | D:3      | Lost mutation: You are highly strong-willed. (Will++)
                  | [potion of mutation]
  1614 | D:3      | Gained mutation: You have sharp toenails. [potion of
                  | mutation]
  1782 | D:3      | Killed Natasha
  2078 | D:3      | Found an ornate altar of the Wu Jian Council.
  2184 | D:3      | 2184 ||| DRINKING 3 dark potions.
  2185 | D:3      | 2185 ||| DRINKING 2 brown potions.
  2186 | D:3      | 2186 ||| DROPPING potion of flight.
  2252 | D:4      | Noticed a black bear
  2253 | D:4      | 2253 ||| Stepping ~*~*~tactically~*~*~ (stealth).
  2258 | D:4      | Killed a black bear
  2259 | D:4      | Reached XP level 6. HP: 51/59 MP: 6/6
  2274 | D:4      | Reached skill level 7 in Unarmed Combat
  2293 | D:4      | 2293 ||| Stepping ~*~*~tactically~*~*~ (stealth).
  2449 | D:4      | Identified the +3 rapier of Lorphuwko {flame, Str+5}
  2612 | D:4      | 2612 ||| Stepping ~*~*~tactically~*~*~ (stealth).
  2735 | D:4      | Found a burning altar of Makhleb.
  2741 | D:4      | 2741 ||| Stepping ~*~*~tactically~*~*~ (stealth).
  2805 | D:4      | Found a blossoming altar of Fedhas.
  2927 | D:4      | 2927 ||| DROPPING amulet of magic regeneration.
  2928 | D:4      | 2928 ||| UPGRADING to amulet of regeneration.
  2951 | D:5      | Entered Level 5 of the Dungeon
  2965 | D:5      | Found a glowing golden altar of the Shining One.
  2968 | D:5      | 2968 ||| Stepping ~*~*~tactically~*~*~ (outnumbered).
  2969 | D:5      | 2969 ||| Stepping ~*~*~tactically~*~*~ (hiding).
  2983 | D:5      | Reached skill level 8 in Unarmed Combat
  3003 | D:5      | 3003 ||| Stepping ~*~*~tactically~*~*~ (outnumbered).
  3004 | D:5      | 3004 ||| Stepping ~*~*~tactically~*~*~ (outnumbered).
  3006 | D:5      | 3006 ||| Stepping ~*~*~tactically~*~*~ (outnumbered).
  3007 | D:5      | 3007 ||| Stepping ~*~*~tactically~*~*~ (outnumbered).
  3008 | D:5      | 3008 ||| Stepping ~*~*~tactically~*~*~ (outnumbered).
  3010 | D:5      | 3010 ||| Stepping ~*~*~tactically~*~*~ (outnumbered).
  3011 | D:5      | 3011 ||| Stepping ~*~*~tactically~*~*~ (outnumbered).
  3012 | D:5      | 3012 ||| Stepping ~*~*~tactically~*~*~ (outnumbered).
  3014 | D:5      | Reached XP level 7. HP: 66/66 MP: 7/7
  3028 | D:5      | 3028 ||| Stepping ~*~*~tactically~*~*~ (stealth).
  3032 | D:5      | 3032 ||| Stepping ~*~*~tactically~*~*~ (outnumbered).
  3033 | D:5      | 3033 ||| Stepping ~*~*~tactically~*~*~ (outnumbered).
  3034 | D:5      | 3034 ||| Stepping ~*~*~tactically~*~*~ (outnumbered).
  3035 | D:5      | 3035 ||| Stepping ~*~*~tactically~*~*~ (outnumbered).
  3036 | D:5      | 3036 ||| Stepping ~*~*~tactically~*~*~ (outnumbered).
  3037 | D:5      | 3037 ||| Stepping ~*~*~tactically~*~*~ (outnumbered).
  3038 | D:5      | 3038 ||| Stepping ~*~*~tactically~*~*~ (outnumbered).
  3039 | D:5      | 3039 ||| Stepping ~*~*~tactically~*~*~ (outnumbered).
  3040 | D:5      | 3040 ||| Stepping ~*~*~tactically~*~*~ (outnumbered).
  3041 | D:5      | 3041 ||| Stepping ~*~*~tactically~*~*~ (outnumbered).
  3042 | D:5      | 3042 ||| Stepping ~*~*~tactically~*~*~ (outnumbered).
  3043 | D:5      | 3043 ||| Stepping ~*~*~tactically~*~*~ (outnumbered).
  3044 | D:5      | 3044 ||| Stepping ~*~*~tactically~*~*~ (outnumbered).
  3045 | D:5      | 3045 ||| STAIRDANCE
  3075 | D:5      | 3075 ||| Stepping ~*~*~tactically~*~*~ (outnumbered).
  3076 | D:5      | 3076 ||| Stepping ~*~*~tactically~*~*~ (outnumbered).
  3077 | D:5      | 3077 ||| Stepping ~*~*~tactically~*~*~ (outnumbered).
  3078 | D:5      | 3078 ||| Stepping ~*~*~tactically~*~*~ (outnumbered).
  3079 | D:5      | 3079 ||| Stepping ~*~*~tactically~*~*~ (outnumbered).
  3080 | D:5      | 3080 ||| Stepping ~*~*~tactically~*~*~ (outnumbered).
  3082 | D:5      | 3082 ||| Stepping ~*~*~tactically~*~*~ (outnumbered).
  3090 | D:5      | Noticed Grinder
  3105 | D:5      | Paralysed by Grinder for 5 turns
  3118 | D:5      | Paralysed by Grinder for 3 turns
  3124 | D:5      | Killed Grinder
  3190 | D:5      | Noticed Blork the orc
  3190 | D:5      | 3190 ||| INVOKING Fiery Armour.
  3190 | D:5      | Noticed Pikel
  3196 | D:5      | 3196 ||| Stepping ~*~*~tactically~*~*~ (outnumbered).
  3198 | D:5      | 3198 ||| Stepping ~*~*~tactically~*~*~ (outnumbered).
  3199 | D:5      | 3199 ||| Stepping ~*~*~tactically~*~*~ (outnumbered).
  3201 | D:5      | HP: 9/70 [centaur/arrow (11)]
  3202 | D:5      | 3202 ||| READING 3 scrolls of teleportation.
  3203 | D:5      | 3203 ||| DRINKING 2 potions of heal wounds.
  3204 | D:5      | 3204 ||| Stepping ~*~*~tactically~*~*~ (outnumbered).
  3206 | D:5      | HP: 17/70 [Blork the orc/+0 halberd (6)]
  3207 | D:5      | 3207 ||| DRINKING potion of heal wounds.
  3224 | D:5      | 3224 ||| FLEEEEING.
  3230 | D:5      | Reached skill level 9 in Unarmed Combat
  3230 | D:5      | Reached XP level 8. HP: 71/78 MP: 8/8
  3235 | D:5      | Reached skill level 1 in Dodging
  3241 | D:5      | Killed Blork the orc
  3245 | D:5      | Killed Pikel
  3246 | D:5      | Reached skill level 10 in Unarmed Combat
  3262 | D:5      | Reached skill level 1 in Throwing
  3277 | D:5      | Noticed Menkaure
  3285 | D:5      | Killed Menkaure
  3312 | D:5      | 3312 ||| Stepping ~*~*~tactically~*~*~ (stealth).
  3314 | D:5      | 3314 ||| Stepping ~*~*~tactically~*~*~ (stealth).
  3316 | D:5      | 3316 ||| Stepping ~*~*~tactically~*~*~ (stealth).
  3319 | D:5      | 3319 ||| Stepping ~*~*~tactically~*~*~ (outnumbered).
  3320 | D:5      | 3320 ||| Stepping ~*~*~tactically~*~*~ (outnumbered).
  3321 | D:5      | 3321 ||| Stepping ~*~*~tactically~*~*~ (outnumbered).
  3322 | D:5      | 3322 ||| Stepping ~*~*~tactically~*~*~ (outnumbered).
  3332 | D:5      | 3332 ||| Stepping ~*~*~tactically~*~*~ (outnumbered).
  3333 | D:5      | 3333 ||| Stepping ~*~*~tactically~*~*~ (outnumbered).
  3336 | D:5      | 3336 ||| Stepping ~*~*~tactically~*~*~ (outnumbered).
  3347 | D:5      | Reached skill level 11 in Unarmed Combat
  3517 | D:5      | 3517 ||| INVOKING Fiery Armour.
  3517 | D:5      | HP: 8/78 [ogre/+0 giant spiked club (23)]
  3518 | D:5      | Reached XP level 9. HP: 8/84 MP: 9/9
  3544 | D:5      | 3544 ||| FLEEEEING.
  3578 | D:5      | 3578 ||| Stepping ~*~*~tactically~*~*~ (stealth).
  3583 | D:5      | 3583 ||| Stepping ~*~*~tactically~*~*~ (stealth).
  3681 | D:5      | Found a runed translucent door.
  3682 | D:5      | Noticed Crazy Yiuf
  3821 | D:5      | 3821 ||| READING scroll labelled XYABYBRO JUOL.
  3822 | D:5      | 3822 ||| DRINKING 2 fuming golden potions.
  3823 | D:5      | 3823 ||| DROPPING potion of attraction.
  3851 | D:6      | 3851 ||| PLANNING SEWER
  3860 | D:6      | Found a staircase to the Ecumenical Temple.
  3887 | D:6      | 3887 ||| Stepping ~*~*~tactically~*~*~ (stealth).
  3917 | D:6      | 3917 ||| INVOKING Fiery Armour.
  3935 | D:6      | Reached skill level 12 in Unarmed Combat
  3987 | D:6      | 3987 ||| Stepping ~*~*~tactically~*~*~ (stealth).
  3988 | D:6      | 3988 ||| Stepping ~*~*~tactically~*~*~ (stealth).
  3991 | D:6      | 3991 ||| Stepping ~*~*~tactically~*~*~ (hiding).
  3992 | D:6      | 3992 ||| Stepping ~*~*~tactically~*~*~ (hiding).
  4208 | D:6      | 4208 ||| Stepping ~*~*~tactically~*~*~ (hiding).
  4215 | D:6      | 4215 ||| INVOKING Fiery Armour.
  4217 | D:6      | 4217 ||| Stepping ~*~*~tactically~*~*~ (hiding).
  4221 | D:6      | 4221 ||| FLEEEEING.
  4222 | D:6      | 4222 ||| Stepping ~*~*~tactically~*~*~ (hiding).
  4226 | D:6      | 4226 ||| FLEEEEING.
  4227 | D:6      | 4227 ||| FLEEEEING.
  4283 | D:6      | 4283 ||| Stepping ~*~*~tactically~*~*~ (stealth).
  4313 | D:6      | 4313 ||| Stepping ~*~*~tactically~*~*~ (hiding).
  4562 | D:6      | 4562 ||| RIP SEWER
  4575 | D:6      | 4575 ||| PLANNING D:1-11
  4816 | D:6      | 4816 ||| READING 4 scrolls of teleportation.
  4866 | D:7      | Found a shadowy altar of Dithmenos.
  5009 | D:7      | Found a shimmering altar of Xom.
  5062 | D:7      | Reached skill level 13 in Unarmed Combat
  5594 | D:7      | 5594 ||| READING scroll labelled QEDAJE ANACILE.
  5691 | D:8      | 5691 ||| Stepping ~*~*~tactically~*~*~ (stealth).
  5693 | D:8      | 5693 ||| Stepping ~*~*~tactically~*~*~ (hiding).
  5701 | D:8      | 5701 ||| INVOKING Fiery Armour.
  5740 | D:8      | 5740 ||| Stepping ~*~*~tactically~*~*~ (stealth).
  5748 | D:8      | Reached XP level 10. HP: 96/96 MP: 10/10
  5772 | D:8      | Found a broken altar of Ashenzari.
  5777 | D:8      | 5777 ||| Stepping ~*~*~tactically~*~*~ (stealth).
  5779 | D:8      | 5779 ||| Stepping ~*~*~tactically~*~*~ (stealth).
  5803 | D:8      | 5803 ||| Stepping ~*~*~tactically~*~*~ (stealth).
  5806 | D:8      | 5806 ||| Stepping ~*~*~tactically~*~*~ (stealth).
  5808 | D:8      | 5808 ||| Stepping ~*~*~tactically~*~*~ (hiding).
  5817 | D:8      | 5817 ||| Stepping ~*~*~tactically~*~*~ (hiding).
  5829 | D:8      | 5829 ||| Stepping ~*~*~tactically~*~*~ (hiding).
  5840 | D:8      | 5840 ||| Stepping ~*~*~tactically~*~*~ (stealth).
  5903 | D:8      | Found a hazy altar of Hepliaklqana.
  5930 | D:8      | Noticed a boulder beetle
  5931 | D:8      | 5931 ||| INVOKING Fiery Armour.
  5939 | D:8      | Killed a boulder beetle
  5940 | D:8      | Reached skill level 14 in Unarmed Combat
  5951 | D:8      | Found a bloodstained altar of Trog.
  5962 | D:8      | Found a snail-covered altar of Cheibriados.
  5963 | D:8      | Found an opulent altar of Gozag.
  5964 | D:8      | Found an iron altar of Okawaru.
  6080 | D:8      | Found a sparkling altar of Nemelex Xobeh.
  6146 | D:8      | 6146 ||| INVOKING Fiery Armour.
  6406 | D:8      | 6406 ||| UPGRADING to +4 ring of protection.
  6407 | D:8      | 6407 ||| READING scroll labelled QYSEES QAUBAG.
  6408 | D:8      | 6408 ||| READING 2 scrolls of identify.
  6408 | D:8      | 6408 ||| IDENTIFYING green potion
  6409 | D:8      | 6409 ||| DROPPING potion of degeneration.
  6426 | D:9      | Noticed Harold
  6427 | D:9      | 6427 ||| Stepping ~*~*~tactically~*~*~ (hiding).
  6436 | D:9      | Killed Harold
  6437 | D:9      | Reached skill level 6 in Fighting
  6509 | D:9      | 6509 ||| Stepping ~*~*~tactically~*~*~ (hiding).
  6510 | D:9      | 6510 ||| Stepping ~*~*~tactically~*~*~ (hiding).
  6673 | D:9      | 6673 ||| Stepping ~*~*~tactically~*~*~ (stealth).
  6676 | D:9      | 6676 ||| Stepping ~*~*~tactically~*~*~ (stealth).
  6716 | D:9      | Identified the +2 barding of the Butterfly {*Corrode rElec
                  | rPois Str+3}
  6748 | D:9      | 6748 ||| Stepping ~*~*~tactically~*~*~ (stealth).
  6770 | D:9      | Found a staircase to the Lair.
  6801 | D:9      | Noticed Maggie
  6802 | D:9      | 6802 ||| Stepping ~*~*~tactically~*~*~ (hiding).
  6805 | D:9      | 6805 ||| INVOKING Fiery Armour.
  6811 | D:9      | Killed Maggie
  6812 | D:9      | Reached skill level 15 in Unarmed Combat
  6813 | D:9      | 6813 ||| Stepping ~*~*~tactically~*~*~ (outnumbered).
  6815 | D:9      | 6815 ||| Stepping ~*~*~tactically~*~*~ (outnumbered).
  6816 | D:9      | 6816 ||| Stepping ~*~*~tactically~*~*~ (outnumbered).
  6817 | D:9      | 6817 ||| Stepping ~*~*~tactically~*~*~ (outnumbered).
  6825 | D:9      | Reached XP level 11. HP: 76/107 MP: 11/11
  6875 | D:9      | 6875 ||| Stepping ~*~*~tactically~*~*~ (hiding).
  6885 | D:9      | 6885 ||| Stepping ~*~*~tactically~*~*~ (outnumbered).
  6886 | D:9      | 6886 ||| Stepping ~*~*~tactically~*~*~ (outnumbered).
  7066 | D:9      | 7066 ||| Stepping ~*~*~tactically~*~*~ (hiding).
  7077 | D:9      | 7077 ||| Stepping ~*~*~tactically~*~*~ (stealth).
  7080 | D:9      | 7080 ||| Stepping ~*~*~tactically~*~*~ (stealth).
  7082 | D:9      | 7082 ||| Stepping ~*~*~tactically~*~*~ (stealth).
  7086 | D:9      | 7086 ||| Stepping ~*~*~tactically~*~*~ (stealth).
  7090 | D:9      | 7090 ||| Stepping ~*~*~tactically~*~*~ (outnumbered).
  7091 | D:9      | 7091 ||| Stepping ~*~*~tactically~*~*~ (stealth).
  7092 | D:9      | 7092 ||| Stepping ~*~*~tactically~*~*~ (outnumbered).
  7093 | D:9      | 7093 ||| Stepping ~*~*~tactically~*~*~ (stealth).
  7094 | D:9      | 7094 ||| Stepping ~*~*~tactically~*~*~ (stealth).
  7095 | D:9      | 7095 ||| Stepping ~*~*~tactically~*~*~ (outnumbered).
  7472 | D:9      | 7472 ||| PLANNING LAIR
  7472 | D:9      | 7472 ||| UPGRADING to +0 troll leather armour.
  7482 | D:9      | 7482 ||| DROPPING +0 robe.
  7483 | D:9      | 7483 ||| READING scroll labelled OSMURE YKKIAMNU.
  7484 | D:9      | 7484 ||| READING 2 scrolls of identify.
  7484 | D:9      | 7484 ||| IDENTIFYING bubbling amethyst potion
  7511 | Lair:1   | Entered Level 1 of the Lair of Beasts
  7513 | Lair:1   | 7513 ||| INVOKING Fiery Armour.
  7517 | Lair:1   | Reached skill level 1 in Armour
  7612 | Lair:1   | Reached skill level 3 in Throwing
  7645 | Lair:1   | 7645 ||| Stepping ~*~*~tactically~*~*~ (stealth).
  7647 | Lair:1   | Noticed a four-headed hydra
  7650 | Lair:1   | 7650 ||| Stepping ~*~*~tactically~*~*~ (outnumbered).
  7656 | Lair:1   | 7656 ||| INVOKING Fiery Armour.
  7661 | Lair:1   | Killed a six-headed hydra
  7662 | Lair:1   | Reached skill level 16 in Unarmed Combat
  7679 | Lair:1   | Noticed an oklob plant
  7902 | Lair:1   | 7902 ||| INVOKING Fiery Armour.
  7904 | Lair:1   | 7904 ||| Stepping ~*~*~tactically~*~*~ (outnumbered).
  8077 | Lair:1   | Noticed Amaemon
  8080 | Lair:1   | 8080 ||| INVOKING Fiery Armour.
  8087 | Lair:1   | 8087 ||| Stepping ~*~*~tactically~*~*~ (outnumbered).
  8089 | Lair:1   | 8089 ||| Stepping ~*~*~tactically~*~*~ (outnumbered).
  8091 | Lair:1   | 8091 ||| Stepping ~*~*~tactically~*~*~ (outnumbered).
  8092 | Lair:1   | 8092 ||| Stepping ~*~*~tactically~*~*~ (outnumbered).
  8094 | Lair:1   | Killed Amaemon
  8096 | Lair:1   | Reached skill level 17 in Unarmed Combat
  8105 | Lair:1   | HP: 24/109 [blink frog (14)]
  8106 | Lair:1   | 8106 ||| READING 4 scrolls of teleportation.
  8358 | Lair:1   | 8358 ||| READING 3 scrolls of identify.
  8358 | Lair:1   | 8358 ||| IDENTIFYING white potion
  8359 | Lair:1   | 8359 ||| READING 2 scrolls of identify.
  8359 | Lair:1   | 8359 ||| IDENTIFYING bubbling golden potion
  8360 | Lair:1   | 8360 ||| DROPPING potion of brilliance.
  8361 | Lair:1   | 8361 ||| DROPPING potion of invisibility.
  8405 | Lair:2   | Reached XP level 12. HP: 118/118 MP: 12/12
  8428 | Lair:2   | 8428 ||| Stepping ~*~*~tactically~*~*~ (stealth).
  8661 | Lair:2   | Found a hole to the Spider Nest.
  8844 | Lair:2   | Reached skill level 18 in Unarmed Combat
  9127 | Lair:2   | 9127 ||| READING 2 scrolls of identify.
  9127 | Lair:2   | 9127 ||| IDENTIFYING yellow potion
  9154 | Lair:3   | 9154 ||| INVOKING Fiery Armour.
  9156 | Lair:3   | 9156 ||| STAIRDANCE
  9158 | Lair:2   | 9158 ||| PLANNING CONVERSION TO OKAWARU
  9290 | D:8      | Fell from the grace of Ignis
  9290 | D:8      | Became a worshipper of Warmaster Okawaru
  9291 | D:8      | 9291 ||| PLANNING LAIR
  9423 | Lair:3   | 9423 ||| STAIRDANCE
  9427 | Lair:3   | 9427 ||| STAIRDANCE
  9466 | Lair:3   | Noticed a four-headed hydra
  9467 | Lair:3   | 9467 ||| Stepping ~*~*~tactically~*~*~ (stealth).
  9475 | Lair:3   | Killed an eight-headed hydra
  9478 | Lair:3   | 9478 ||| Stepping ~*~*~tactically~*~*~ (outnumbered).
  9479 | Lair:3   | 9479 ||| Stepping ~*~*~tactically~*~*~ (outnumbered).
  9481 | Lair:3   | 9481 ||| Stepping ~*~*~tactically~*~*~ (outnumbered).
  9523 | Lair:3   | 9523 ||| Stepping ~*~*~tactically~*~*~ (stealth).
  9529 | Lair:3   | 9529 ||| Stepping ~*~*~tactically~*~*~ (outnumbered).
  9530 | Lair:3   | 9530 ||| Stepping ~*~*~tactically~*~*~ (outnumbered).
  9531 | Lair:3   | 9531 ||| Stepping ~*~*~tactically~*~*~ (outnumbered).
  9532 | Lair:3   | 9532 ||| Stepping ~*~*~tactically~*~*~ (outnumbered).
  9537 | Lair:3   | Reached * piety under Okawaru
  9631 | Lair:3   | Found a staircase to the Shoals.
  9776 | Lair:3   | 9776 ||| Stepping ~*~*~tactically~*~*~ (stealth).
  9785 | Lair:3   | Reached skill level 1 in Invocations
  9793 | Lair:3   | 9793 ||| Stepping ~*~*~tactically~*~*~ (stealth).
  9816 | Lair:3   | Found a dark tunnel.
 10223 | Lair:3   | 10223 ||| UPGRADING to +6 ring of strength.
 10225 | Lair:3   | 10225 ||| DROPPING ring of protection from cold.
 10226 | Lair:3   | 10226 ||| READING 2 scrolls labelled UXKECW LIHOCH.
 10227 | Lair:3   | 10227 ||| DROPPING scroll of vulnerability.
 10276 | Lair:4   | Noticed a seven-headed hydra
 10277 | Lair:4   | 10277 ||| Stepping ~*~*~tactically~*~*~ (stealth).
 10278 | Lair:4   | 10278 ||| Stepping ~*~*~tactically~*~*~ (stealth).
 10279 | Lair:4   | 10279 ||| Stepping ~*~*~tactically~*~*~ (stealth).
 10285 | Lair:4   | 10285 ||| INVOKING Heroism.
 10292 | Lair:4   | Killed a nine-headed hydra
 10305 | Lair:4   | 10305 ||| INVOKING Heroism.
 10320 | Lair:4   | Reached skill level 3 in Invocations
 10413 | Lair:4   | Reached ** piety under Okawaru
 10470 | Lair:4   | 10470 ||| Stepping ~*~*~tactically~*~*~ (stealth).
 10472 | Lair:4   | 10472 ||| Stepping ~*~*~tactically~*~*~ (stealth).
 10480 | Lair:4   | 10480 ||| INVOKING Heroism.
 10481 | Lair:4   | 10481 ||| Stepping ~*~*~tactically~*~*~ (outnumbered).
 10486 | Lair:4   | 10486 ||| Stepping ~*~*~tactically~*~*~ (outnumbered).
 10487 | Lair:4   | 10487 ||| Stepping ~*~*~tactically~*~*~ (outnumbered).
 10488 | Lair:4   | 10488 ||| Stepping ~*~*~tactically~*~*~ (outnumbered).
 10489 | Lair:4   | 10489 ||| Stepping ~*~*~tactically~*~*~ (outnumbered).
 10490 | Lair:4   | 10490 ||| Stepping ~*~*~tactically~*~*~ (outnumbered).
 10491 | Lair:4   | 10491 ||| Stepping ~*~*~tactically~*~*~ (outnumbered).
 10492 | Lair:4   | 10492 ||| Stepping ~*~*~tactically~*~*~ (outnumbered).
 10493 | Lair:4   | 10493 ||| Stepping ~*~*~tactically~*~*~ (outnumbered).
 10494 | Lair:4   | 10494 ||| Stepping ~*~*~tactically~*~*~ (outnumbered).
 10495 | Lair:4   | 10495 ||| Stepping ~*~*~tactically~*~*~ (outnumbered).
 10496 | Lair:4   | 10496 ||| Stepping ~*~*~tactically~*~*~ (outnumbered).
 10497 | Lair:4   | 10497 ||| Stepping ~*~*~tactically~*~*~ (outnumbered).
 10501 | Lair:4   | 10501 ||| Stepping ~*~*~tactically~*~*~ (outnumbered).
 10542 | Lair:4   | Noticed Snorg
 10543 | Lair:4   | 10543 ||| INVOKING Heroism.
 10552 | Lair:4   | Killed Snorg
 10578 | Lair:4   | 10578 ||| INVOKING Heroism.
 10579 | Lair:4   | 10579 ||| Stepping ~*~*~tactically~*~*~ (stealth).
 10582 | Lair:4   | 10582 ||| Stepping ~*~*~tactically~*~*~ (outnumbered).
 10583 | Lair:4   | 10583 ||| Stepping ~*~*~tactically~*~*~ (outnumbered).
 10584 | Lair:4   | 10584 ||| Stepping ~*~*~tactically~*~*~ (outnumbered).
 10585 | Lair:4   | 10585 ||| Stepping ~*~*~tactically~*~*~ (outnumbered).
 10586 | Lair:4   | 10586 ||| Stepping ~*~*~tactically~*~*~ (outnumbered).
 10609 | Lair:4   | Reached XP level 13. HP: 88/127 MP: 15/15
 10655 | Lair:4   | Reached *** piety under Okawaru
 10680 | Lair:4   | 10680 ||| Stepping ~*~*~tactically~*~*~ (stealth).
 10688 | Lair:4   | Reached skill level 19 in Unarmed Combat
 10763 | Lair:4   | 10763 ||| Stepping ~*~*~tactically~*~*~ (hiding).
 10764 | Lair:4   | 10764 ||| INVOKING Heroism.
 10774 | Lair:4   | 10774 ||| Stepping ~*~*~tactically~*~*~ (outnumbered).
 10777 | Lair:4   | 10777 ||| Stepping ~*~*~tactically~*~*~ (cloud).
 10778 | Lair:4   | 10778 ||| Stepping ~*~*~tactically~*~*~ (outnumbered).
 10788 | Lair:4   | Reached **** piety under Okawaru
 10793 | Lair:4   | 10793 ||| Stepping ~*~*~tactically~*~*~ (stealth).
 10794 | Lair:4   | 10794 ||| INVOKING Heroism.
 10800 | Lair:4   | Reached skill level 9 in Fighting
 11158 | Lair:4   | 11158 ||| UPGRADING to +2 troll leather armour {Snorg}.
 11168 | Lair:4   | 11168 ||| DROPPING +0 troll leather armour.
 11169 | Lair:4   | 11169 ||| READING 4 scrolls of identify.
 11169 | Lair:4   | 11169 ||| IDENTIFYING fuming pink potion
 11170 | Lair:4   | 11170 ||| READING 3 scrolls of identify.
 11170 | Lair:4   | 11170 ||| IDENTIFYING sedimented amethyst potion
 11171 | Lair:4   | 11171 ||| DROPPING potion of ambrosia.
 11172 | Lair:4   | 11172 ||| DROPPING potion of berserk rage.
 11175 | Lair:4   | You fall into a shaft and drop 1 floor!
 11175 | Lair:5   | Entered Level 5 of the Lair of Beasts
 11200 | Lair:5   | 11200 ||| INVOKING Heroism.
 11202 | Lair:5   | 11202 ||| Stepping ~*~*~tactically~*~*~ (stealth).
 11204 | Lair:5   | 11204 ||| Stepping ~*~*~tactically~*~*~ (stealth).
 11205 | Lair:5   | 11205 ||| Stepping ~*~*~tactically~*~*~ (stealth).
 11210 | Lair:5   | 11210 ||| Stepping ~*~*~tactically~*~*~ (stealth).
 11211 | Lair:5   | 11211 ||| Stepping ~*~*~tactically~*~*~ (stealth).
 11216 | Lair:5   | 11216 ||| Stepping ~*~*~tactically~*~*~ (stealth).
 11217 | Lair:5   | 11217 ||| Stepping ~*~*~tactically~*~*~ (stealth).
 11218 | Lair:5   | 11218 ||| INVOKING Heroism.
 11230 | Lair:5   | 11230 ||| Stepping ~*~*~tactically~*~*~ (outnumbered).
 11250 | Lair:5   | 11250 ||| INVOKING Heroism.
 11264 | Lair:5   | 11264 ||| Stepping ~*~*~tactically~*~*~ (outnumbered).
 11271 | Lair:5   | Received a gift from Okawaru
 11318 | Lair:5   | 11318 ||| INVOKING Heroism.
 11319 | Lair:5   | 11319 ||| Stepping ~*~*~tactically~*~*~ (stealth).
 11324 | Lair:5   | 11324 ||| Stepping ~*~*~tactically~*~*~ (outnumbered).
 11325 | Lair:5   | 11325 ||| Stepping ~*~*~tactically~*~*~ (outnumbered).
 11326 | Lair:5   | 11326 ||| Stepping ~*~*~tactically~*~*~ (outnumbered).
 11327 | Lair:5   | 11327 ||| Stepping ~*~*~tactically~*~*~ (outnumbered).
 11328 | Lair:5   | 11328 ||| Stepping ~*~*~tactically~*~*~ (outnumbered).
 11333 | Lair:5   | 11333 ||| Stepping ~*~*~tactically~*~*~ (outnumbered).
 11334 | Lair:5   | 11334 ||| Stepping ~*~*~tactically~*~*~ (outnumbered).
 11349 | Lair:5   | Reached skill level 6 in Invocations
 11352 | Lair:5   | Reached ***** piety under Okawaru
 11363 | Lair:5   | 11363 ||| INVOKING Heroism.
 11410 | Lair:5   | 11410 ||| Stepping ~*~*~tactically~*~*~ (stealth).
 11412 | Lair:5   | 11412 ||| INVOKING Heroism.
 11442 | Lair:5   | 11442 ||| Stepping ~*~*~tactically~*~*~ (stealth).
 11446 | Lair:5   | 11446 ||| Stepping ~*~*~tactically~*~*~ (stealth).
 11447 | Lair:5   | 11447 ||| Stepping ~*~*~tactically~*~*~ (stealth).
 11455 | Lair:5   | 11455 ||| INVOKING Heroism.
 11462 | Lair:5   | 11462 ||| Stepping ~*~*~tactically~*~*~ (outnumbered).
 11463 | Lair:5   | 11463 ||| Stepping ~*~*~tactically~*~*~ (outnumbered).
 11464 | Lair:5   | 11464 ||| Stepping ~*~*~tactically~*~*~ (outnumbered).
 11465 | Lair:5   | 11465 ||| Stepping ~*~*~tactically~*~*~ (outnumbered).
 11466 | Lair:5   | 11466 ||| Stepping ~*~*~tactically~*~*~ (outnumbered).
 11476 | Lair:5   | 11476 ||| INVOKING Heroism.
 11530 | Lair:5   | 11530 ||| INVOKING Heroism.
 11531 | Lair:5   | 11531 ||| INVOKING Finesse.
 11537 | Lair:5   | Received a gift from Okawaru
 11604 | Lair:5   | 11604 ||| INVOKING Heroism.
 11622 | Lair:5   | 11622 ||| Stepping ~*~*~tactically~*~*~ (stealth).
 11644 | Lair:5   | Reached XP level 14. HP: 140/140 MP: 18/18
 11645 | Lair:5   | 11645 ||| Stepping ~*~*~tactically~*~*~ (stealth).
 11662 | Lair:5   | 11662 ||| Stepping ~*~*~tactically~*~*~ (stealth).
 11668 | Lair:5   | 11668 ||| Stepping ~*~*~tactically~*~*~ (stealth).
 11670 | Lair:5   | 11670 ||| INVOKING Heroism.
 11671 | Lair:5   | 11671 ||| INVOKING Finesse.
 11672 | Lair:5   | Received a gift from Okawaru
 11687 | Lair:5   | 11687 ||| Stepping ~*~*~tactically~*~*~ (stealth).
 11744 | Lair:5   | 11744 ||| Stepping ~*~*~tactically~*~*~ (stealth).
 11771 | Lair:5   | 11771 ||| INVOKING Heroism.
 11780 | Lair:5   | 11780 ||| Stepping ~*~*~tactically~*~*~ (outnumbered).
 11785 | Lair:5   | 11785 ||| Stepping ~*~*~tactically~*~*~ (outnumbered).
 11788 | Lair:5   | 11788 ||| INVOKING Finesse.
 11796 | Lair:5   | 11796 ||| Stepping ~*~*~tactically~*~*~ (outnumbered).
 11854 | Lair:5   | 11854 ||| Stepping ~*~*~tactically~*~*~ (stealth).
 11856 | Lair:5   | 11856 ||| Stepping ~*~*~tactically~*~*~ (stealth).
 11879 | Lair:5   | 11879 ||| Stepping ~*~*~tactically~*~*~ (stealth).
 11883 | Lair:5   | 11883 ||| INVOKING Heroism.
 11886 | Lair:5   | 11886 ||| Stepping ~*~*~tactically~*~*~ (stealth).
 11939 | Lair:5   | 11939 ||| INVOKING Heroism.
 11940 | Lair:5   | 11940 ||| Stepping ~*~*~tactically~*~*~ (stealth).
 11956 | Lair:5   | 11956 ||| Stepping ~*~*~tactically~*~*~ (outnumbered).
 11958 | Lair:5   | 11958 ||| Stepping ~*~*~tactically~*~*~ (outnumbered).
 11959 | Lair:5   | 11959 ||| Stepping ~*~*~tactically~*~*~ (outnumbered).
 11960 | Lair:5   | 11960 ||| Stepping ~*~*~tactically~*~*~ (outnumbered).
 11961 | Lair:5   | 11961 ||| Stepping ~*~*~tactically~*~*~ (outnumbered).
 11978 | Lair:5   | 11978 ||| INVOKING Finesse.
 11979 | Lair:5   | 11979 ||| INVOKING Finesse.
 12024 | Lair:5   | 12024 ||| Stepping ~*~*~tactically~*~*~ (stealth).
 12051 | Lair:5   | 12051 ||| Stepping ~*~*~tactically~*~*~ (stealth).
 12064 | Lair:5   | 12064 ||| Stepping ~*~*~tactically~*~*~ (stealth).
 12068 | Lair:5   | Received a gift from Okawaru
 12085 | Lair:5   | Identified the +5 war axe of Dominance {flame, +Blink rC+
                  | MP+9 Stlth+}
 12222 | Lair:5   | 12222 ||| Stepping ~*~*~tactically~*~*~ (stealth).
 12304 | Lair:5   | Found a viscous altar of Jiyva.
 12304 | Lair:5   | Found a staircase to the Slime Pits.
 12351 | Lair:5   | 12351 ||| Stepping ~*~*~tactically~*~*~ (stealth).
 12464 | Lair:5   | 12464 ||| Stepping ~*~*~tactically~*~*~ (hiding).
 12465 | Lair:5   | 12465 ||| Stepping ~*~*~tactically~*~*~ (hiding).
 12589 | Lair:5   | 12589 ||| PLANNING D:1-11
 12589 | Lair:5   | 12589 ||| DROPPING amulet of the acrobat.
 12590 | Lair:5   | 12590 ||| DROPPING ring of willpower.
 12591 | Lair:5   | 12591 ||| READING scroll labelled XIOSAN LAISHOIC.
 12592 | Lair:5   | 12592 ||| READING 2 scrolls of identify.
 12592 | Lair:5   | 12592 ||| IDENTIFYING glowing black potion
 12593 | Lair:5   | 12593 ||| DROPPING potion of lignification.
 12620 | Lair:5   | 12620 ||| Stepping ~*~*~tactically~*~*~ (outnumbered).
 12621 | Lair:5   | 12621 ||| Stepping ~*~*~tactically~*~*~ (outnumbered).
 12622 | Lair:5   | 12622 ||| Stepping ~*~*~tactically~*~*~ (outnumbered).
 12623 | Lair:5   | 12623 ||| Stepping ~*~*~tactically~*~*~ (outnumbered).
 12773 | D:10     | Entered Level 10 of the Dungeon
 12952 | D:10     | Found a staircase to the Orcish Mines.
 12968 | D:10     | 12968 ||| INVOKING Heroism.
 12970 | D:10     | 12970 ||| Stepping ~*~*~tactically~*~*~ (outnumbered).
 12973 | D:10     | 12973 ||| Stepping ~*~*~tactically~*~*~ (outnumbered).
 13002 | D:10     | 13002 ||| Stepping ~*~*~tactically~*~*~ (stealth).
 13053 | D:10     | Reached skill level 6 in Throwing
 13057 | D:10     | 13057 ||| Stepping ~*~*~tactically~*~*~ (outnumbered).
 13059 | D:10     | 13059 ||| Stepping ~*~*~tactically~*~*~ (outnumbered).
 13061 | D:10     | 13061 ||| Stepping ~*~*~tactically~*~*~ (outnumbered).
 13196 | D:10     | 13196 ||| INVOKING Heroism.
 13204 | D:10     | 13204 ||| Stepping ~*~*~tactically~*~*~ (outnumbered).
 13214 | D:10     | Reached skill level 9 in Invocations
 13247 | D:10     | Was forgiven by Ignis
 13252 | D:10     | 13252 ||| INVOKING Heroism.
 13395 | D:10     | 13395 ||| Stepping ~*~*~tactically~*~*~ (stealth).
 13403 | D:10     | 13403 ||| Stepping ~*~*~tactically~*~*~ (outnumbered).
 13406 | D:10     | 13406 ||| Stepping ~*~*~tactically~*~*~ (outnumbered).
 13409 | D:10     | 13409 ||| Stepping ~*~*~tactically~*~*~ (outnumbered).
 13421 | D:10     | 13421 ||| INVOKING Heroism.
 13460 | D:10     | 13460 ||| Stepping ~*~*~tactically~*~*~ (stealth).
 13464 | D:10     | 13464 ||| Stepping ~*~*~tactically~*~*~ (stealth).
 13465 | D:10     | Received a gift from Okawaru
 14199 | D:10     | 14199 ||| UPGRADING to +0 kite shield.
 14204 | D:10     | 14204 ||| DROPPING ring of resist corrosion.
 14205 | D:10     | 14205 ||| READING scroll labelled TOTOSA WASO.
 14240 | D:11     | 14240 ||| STAIRDANCE
 14251 | D:11     | 14251 ||| STAIRDANCE
 14262 | D:11     | 14262 ||| STAIRDANCE
 14269 | D:11     | 14269 ||| STAIRDANCE
 14273 | D:11     | Noticed Lodul
 14274 | D:11     | 14274 ||| STAIRDANCE
 14281 | D:11     | 14281 ||| INVOKING Heroism.
 14282 | D:11     | 14282 ||| INVOKING Finesse.
 14289 | D:11     | Killed Lodul
 14290 | D:11     | Reached skill level 1 in Shields
 14295 | D:11     | 14295 ||| Stepping ~*~*~tactically~*~*~ (outnumbered).
 14297 | D:11     | 14297 ||| Stepping ~*~*~tactically~*~*~ (outnumbered).
 14380 | D:11     | 14380 ||| Stepping ~*~*~tactically~*~*~ (hiding).
 14381 | D:11     | 14381 ||| Stepping ~*~*~tactically~*~*~ (stealth).
 14414 | D:11     | 14414 ||| Stepping ~*~*~tactically~*~*~ (stealth).
 14419 | D:11     | 14419 ||| Stepping ~*~*~tactically~*~*~ (outnumbered).
 14420 | D:11     | 14420 ||| Stepping ~*~*~tactically~*~*~ (outnumbered).
 14421 | D:11     | 14421 ||| Stepping ~*~*~tactically~*~*~ (outnumbered).
 14424 | D:11     | 14424 ||| Stepping ~*~*~tactically~*~*~ (stealth).
 14425 | D:11     | 14425 ||| Stepping ~*~*~tactically~*~*~ (stealth).
 14427 | D:11     | 14427 ||| Stepping ~*~*~tactically~*~*~ (stealth).
 14483 | D:11     | Noticed Nergalle
 14491 | D:11     | Killed Nergalle
 14622 | D:11     | 14622 ||| INVOKING Heroism.
 14652 | D:11     | 14652 ||| INVOKING Finesse.
 14666 | D:11     | Reached skill level 3 in Shields
 14696 | D:11     | Identified the +0 helmet of the Curious Ears {Contam rElec
                  | rF+++ MP+9}
 14712 | D:11     | 14712 ||| Stepping ~*~*~tactically~*~*~ (stealth).
 14715 | D:11     | 14715 ||| INVOKING Heroism.
 14944 | D:11     | Found a blossoming altar of Fedhas.
 14960 | D:11     | 14960 ||| PLANNING D
 14998 | D:12     | 14998 ||| Stepping ~*~*~tactically~*~*~ (hiding).
 15168 | D:12     | 15168 ||| Stepping ~*~*~tactically~*~*~ (stealth).
 15169 | D:12     | 15169 ||| Stepping ~*~*~tactically~*~*~ (stealth).
 15172 | D:12     | 15172 ||| Stepping ~*~*~tactically~*~*~ (stealth).
 15173 | D:12     | 15173 ||| Stepping ~*~*~tactically~*~*~ (stealth).
 15174 | D:12     | 15174 ||| Stepping ~*~*~tactically~*~*~ (stealth).
 15175 | D:12     | 15175 ||| INVOKING Heroism.
 15180 | D:12     | 15180 ||| Stepping ~*~*~tactically~*~*~ (outnumbered).
 15181 | D:12     | 15181 ||| Stepping ~*~*~tactically~*~*~ (outnumbered).
 15182 | D:12     | 15182 ||| Stepping ~*~*~tactically~*~*~ (outnumbered).
 15594 | D:12     | Identified the +9 war axe "Faoppagi" {freeze, Str+2}
                  | (Okawaru gifted it to you on level 12 of the Dungeon)
 15594 | D:12     | Received a gift from Okawaru
 15642 | D:12     | 15642 ||| INVOKING Heroism.
 15746 | D:12     | 15746 ||| UPGRADING to +0 cloak.
 15751 | D:12     | 15751 ||| READING scroll of enchant armour.
 15751 | D:12     | 15751 ||| ENCHANTING +0 cloak.
 15758 | D:13     | Noticed Nessos
 15759 | D:13     | 15759 ||| INVOKING Finesse.
 15760 | D:13     | 15760 ||| Stepping ~*~*~tactically~*~*~ (hiding).
 15761 | D:13     | 15761 ||| Stepping ~*~*~tactically~*~*~ (hiding).
 15777 | D:13     | Killed Nessos
 15816 | D:13     | Noticed Josephine
 15817 | D:13     | 15817 ||| Stepping ~*~*~tactically~*~*~ (stealth).
 15834 | D:13     | Killed Josephine
 15902 | D:13     | 15902 ||| Stepping ~*~*~tactically~*~*~ (stealth).
 15926 | D:13     | 15926 ||| Stepping ~*~*~tactically~*~*~ (stealth).
 15933 | D:13     | 15933 ||| Stepping ~*~*~tactically~*~*~ (outnumbered).
 15934 | D:13     | 15934 ||| Stepping ~*~*~tactically~*~*~ (outnumbered).
 15942 | D:13     | 15942 ||| INVOKING Heroism.
 15945 | D:13     | HP: 29/140 [vault guard/+1 war axe of electrocution (8)]
 15946 | D:13     | 15946 ||| READING 7 scrolls of teleportation.
 15946 | D:13     | HP: 11/140 [vault guard/+1 war axe of electrocution (14)]
 15946 | D:13     | Slain by a vault guard

Levels and vault maps discovered:
D:1:      lightli_arrival_isolated_outpost, layout_rooms,
          ebering_ecumenical_altar_hall, serial_shops, shop_coins,
          minmay_crystal_room
D:2:      cheibrodos_helix_gallery, layout_loops_cross, minmay_misc_feat_rows,
          grunt_decor_junction
D:3:      layout_rooms, marbit_many_paths, serial_glass, glass_columns_a,
          glass_columns_a, minmay_quantized, uniq_natasha
D:4:      nicolae_BIG_FREAKIN_CUBE, layout_basic, lemuel_crystal_altar,
          lemuel_coloured_pillars_altar, dreamdust_princess_corridor
D:5:      layout_basic, nicolae_tso_besieged_by_evil, uniq_blork_the_orc,
          uniq_menkaure, uniq_crazy_yiuf_cottage, uniq_grinder, uniq_pikel
D:6:      layout_basic, minmay_temple_entry_statues, cheibrodos_sewer_entry_bend
D:7:      layout_basic, nicolae_overflow_crystal_walls,
          mainiacjoe_overflow_boulevard
D:8:      layout_basic, nicolae_hepliaklqana_hazy_memory,
          evilmike_ruin_ashenzari, nemelex_xobeh_ov_fountains_minmay, minitemple
D:9:      layout_grid_maze, grunt_lair_entry_orc_guard_hut, uniq_harold,
          uniq_maggie
D:10:     layout_layer_cave, david_orc_1_choice, serial_rivers,
          chequers_serial_rivers_micro_b, chequers_serial_rivers_micro_a,
          chequers_serial_rivers_room_a, chequers_serial_rivers_small_3
D:11:     layout_loops_ring, fedhas_altar_fruit_tree, uniq_lodul, uniq_nergalle
D:12:     layout_stronghold
D:13:     layout_rooms, lightli_vaults_fourway_checkpoint, uniq_josephine,
          uniq_nessos
Lair:1:   layout_cave_pods, minmay_lair_oklob_items, uniq_amaemon
Lair:2:   layout_hall_layers, hellmonk_spider_entry_not_the_bees,
          beast_lair_carwin_6
Lair:3:   layout_loops_ring, shoals_dummy_entry, enter_volcano_4
Lair:4:   layout_concentric_octagons, grunt_megastairs_1, uniq_snorg
Lair:5:   minmay_lair_end_enchanted_forest, layout_loops_ring,
          dpeg_slime_entry_enclosed, st_stairs_11, serial_bayou_shore_b,
          lemuel_fruit_tree, infiniplex_staircase_pool_2

Skill      XL: |  1  2  3  4  5  6  7  8  9 10 11 12 13 14 |
---------------+-------------------------------------------+-----
Unarmed Combat | 4 5 6 8 9 11 13 15 17 18 19 | 19.8
Fighting       | 4 5 6 7 8 9 |  9.0
Dodging        | 1 2 |  2.1
Throwing       | 1 2 3 6 |  6.4
Armour         | 2 |  2.1
Invocations    | 4 7 10 | 10.0
Shields        | 5 |  5.8
Spellcasting   | |  1.0
Fire Magic     | |  2.1

Action                   |  1- 3 |  4- 6 |  7- 9 | 10-12 | 13-15 || total
-------------------------+-------+-------+-------+-------+-------++-------
Melee: Unarmed           |   116 |   147 |   233 |   418 |   587 ||  1501
       Punch             |       |     3 |    12 |    24 |    42 ||    81
       Kick              |       |    17 |    42 |    93 |   158 ||   310
Throw: Boomerang         |       |       |    21 |   145 |    74 ||   240
       Javelin           |       |       |       |       |    24 ||    24
       Large rock        |       |       |       |       |    46 ||    46
Invok: Fiery Armour      |       |       |     5 |     8 |       ||    13
       Heroism           |       |       |       |     5 |    26 ||    31
       Finesse           |       |       |       |       |     7 ||     7
  Use: Scroll            |     7 |     2 |     4 |     9 |     7 ||    29
       Potion            |       |     6 |     3 |       |       ||     9
Armor: Robe              |    40 |    44 |    90 |    58 |       ||   232
       Troll leather arm |       |       |       |   132 |   240 ||   372
Dodge: Dodged            |    46 |    33 |    82 |   149 |   133 ||   443
Block: Kite shield       |       |       |       |       |    45 ||    45

Table legend:
 A = Non-vault XP
 B = Vault XP
 C = Vault XP percentage of total XP
 D = Non-vault monster count
 E = Vault monster count
 F = Vault count percentage of total count
                 A         B        C        D         E       F
            +---------+---------+-------+---------+---------+-------
      Total |   77430 |   23005 |  22.9 |     423 |     113 |  21.1
            +---------+---------+-------+---------+---------+-------
        D:1 |      20 |       0 |   0.0 |      11 |       0 |   0.0
        D:2 |      91 |       7 |   7.1 |      26 |       2 |   7.1
        D:3 |     115 |      45 |  28.1 |      16 |       5 |  23.8
        D:4 |     393 |       0 |   0.0 |      26 |       0 |   0.0
        D:5 |    1148 |    1214 |  51.4 |      28 |      11 |  28.2
        D:6 |    1579 |      10 |   0.6 |      29 |       2 |   6.5
        D:7 |     595 |       0 |   0.0 |       7 |       0 |   0.0
        D:8 |    2910 |       0 |   0.0 |      29 |       0 |   0.0
        D:9 |    1988 |    2270 |  53.3 |      26 |       8 |  23.5
       D:10 |    4681 |     756 |  13.9 |      17 |      12 |  41.4
       D:11 |    5217 |    1898 |  26.7 |      33 |       5 |  13.2
       D:12 |    4470 |       0 |   0.0 |      13 |       0 |   0.0
       D:13 |    2275 |    2920 |  56.2 |       6 |       6 |  50.0
     Lair:1 |    8021 |    1187 |  12.9 |      32 |       2 |   5.9
     Lair:2 |    4084 |    2360 |  36.6 |      15 |      10 |  40.0
     Lair:3 |    3825 |       0 |   0.0 |      16 |       0 |   0.0
     Lair:4 |   13377 |    1012 |   7.0 |      38 |       2 |   5.0
     Lair:5 |   22641 |    9326 |  29.2 |      55 |      48 |  46.6
            +---------+---------+-------+---------+---------+-------
